 Dungeon Crawl Stone Soup version 0.30-a0-737-gf23d94013f (webtiles) character file.

Game seed: 11231176890365403965

55 mopl the Insei (level 4, 0/32 HPs)
             Began as a Djinni Transmuter on Feb 2, 2023.
             Engulfed by a fire crab's flame (6 damage)
             ... created by the adversity of Qazlal
             ... on level 2 of the Dungeon.
             The game lasted 00:01:29 (800 turns).

mopl the Insei (Djinni Transmuter)                   Turns: 800, Time: 00:01:30

Health: 0/32       AC:  2    Str: 17    XL:     4   Next: 14%
Gold:   101        EV: 12    Int: 14    God:
                   SH:  5    Dex: 14

rFire   + + .      SeeInvis .    n - +2 dagger (venom)
rCold   x . .      Faith    .    (no shield)
rNeg    . . .      Spirit   .    a - +0 robe
rPois   ∞          Reflect  +    (no helmet)
rElec   .          Harm     .    (no cloak)
rCorr   .          Rampage  .    (no gloves)
Will    .....                    (boots unavailable)
Stlth   +                        d - amulet of reflection
HPRegen 0.25/turn                j - +6 ring of strength
MPRegen 0.00/turn                (no ring)

@: flying
A: sickness immunity, fire resistance 2, cold vulnerability 1, float, innate
caster, HP casting, extra vitality 1
a: no special abilities


You were on level 2 of the Dungeon.
You visited 1 branch of the dungeon, and saw 2 of its levels.

You collected 101 gold pieces.

Inventory:

Hand Weapons
 c - a +0 short sword of venom
 n - a +2 dagger of venom (weapon)
Armour
 a - a +0 robe (worn)
Jewellery
 d - an amulet of reflection (around neck)
 j - a +6 ring of strength (left hand)
Scrolls
 e - 2 scrolls of identify {unknown}
 f - 2 scrolls of fear {unknown}
 h - a scroll of magic mapping {unknown}
 i - 3 scrolls of blinking {unknown}
 k - a scroll of torment {unknown}
 l - a scroll of immolation {unknown}
Potions
 b - 2 potions of lignification {!q}
 g - 2 potions of mutation {unknown}
 m - a potion of attraction {unknown}


   Skills:
 - Level 1.0 Fighting
 - Level 2.1 Dodging
 * Level 4.0 Unarmed Combat
 + Level 2.1 Spellcasting
 + Level 1.1 Invocations


You couldn't memorise any spells.
You knew the following spells:

 Your Spells              Type           Power      Damage    Failure   Level
a - Beastly Appendage     Tmut           14%        N/A       10%         1
b - Wereblood             Tmut           7%         N/A       16%         2
c - Spider Form           Tmut/Pois      7%         N/A       30%         3
d - Ice Form              Ice/Tmut       7%         N/A       69%         4
e - Necrotise             Necr           28%        1d5       10%         1
Your spell library was empty.

Dungeon Overview and Level Annotations

Branches:
Dungeon (2/15)

Altars:
Qazlal

Shops:
D:1 :


Innate Abilities, Weirdness & Mutations

You are immune to sickness and miasma.
You are immune to poison.
Your flesh is very heat resistant. (rF++)
You are vulnerable to cold. (rC-)
You float through the air rather than walking.
You learn spells naturally, not from books.
Your magical power is your life essence.
You have superior vitality. (+4 MHP)


Message History

You feel agile.
Found a stone staircase leading down.
Things that are here:
a +2 dagger of venom; a +0 robe; the human corpse of Jessica
n - a +2 dagger of venom Your +0 short sword of venom stops dripping with poison.
Your +2 dagger of venom begins to drip with poison!
n - a +2 dagger of venom (weapon)
Found 7 stones.
Found a leather armour.
No target in view!
i - 3 scrolls labelled SUTOEZX FOMNI (gained 2)
Things that are here:
a +0 robe; the human corpse of Jessica HP restored.
You now have 87 gold pieces (gained 13).
You now have 101 gold pieces (gained 14).
b - 2 potions of lignification {!q} (gained 1)
Found a stone staircase leading down.
Qazlal incites the elements against you!
A fire crab comes into view.
The fire crab attacks as you move away! The fire crab bites you.
You are engulfed in flames.
You resist. The fire crab misses you.
Found a stone staircase leading up.
The fire crab breathes flames at you. The blast of flame misses you.
Found 9 stones.
You are engulfed in blazing flames.
You resist.
You are engulfed in blazing flames.
You resist.
Found a spear.
The fire crab breathes flames at you.
The blast of flame engulfs you but does no damage.
A frilled lizard comes into view.
You are engulfed in blazing flames.
You resist.
* * * LOW HITPOINT WARNING * * *
The fire crab breathes flames at you. The blast of flame misses you.
The frilled lizard hisses angrily.
A kobold comes into view. It is wielding a +0 club.
Found a robe.
You are engulfed in blazing flames.
You resist.
You die...

.## ..# #)# #°## #
°°°##.# #°°...#
#######°°K# .....l°@#
[...###°# . #○# ## ..
#.# .. ....###°########
##..
.........°°°...######..#
....###t######...#....##
.. #.## ###........ #..#
##..####.


You could see a fire crab, a kobold (wandering) and a frilled lizard.

Vanquished Creatures
  Jessica (D:2)
  2 dart slugs
  3 ball pythons
  2 bats (D:1)
  An endoplasm (D:2)
  3 goblins
  2 hobgoblins (D:1)
  2 jackals (D:1)
  A quokka (D:1)
  2 frilled lizards (D:1)
  3 kobolds (D:1)
  A rat (D:1)
23 creatures vanquished.

Notes
Turn   | Place    | Note
-------+----------+-------------------------------------------
     0 | D:1      | mopl the Djinni Transmuter began the quest for the Orb.
     0 | D:1      | mopl set off with the following spells memorised: Beastly
                  | Appendage, Wereblood, Spider Form, Ice Form.
     0 | D:1      | Reached XP level 1. HP: 17/17 MP: 0/0
    97 | D:1      | Reached XP level 2. HP: 22/22 MP: 0/0
    97 | D:1      | Found a faded altar of an unknown god.
   139 | D:1      | Prayed at the altar of an unknown god.
   139 | D:1      | Became a worshipper of Qazlal Stormbringer
   139 | D:1      | Reached * piety under Qazlal
   276 | D:1      | Found Zusker's Book Shoppe.
   484 | D:1      | Reached XP level 3. HP: 25/27 MP: 0/0
   484 | D:1      | Learned a level 1 spell: Necrotise
   647 | D:1      | Fell from the grace of Qazlal
   698 | D:2      | Reached skill level 2 in Spellcasting
   714 | D:2      | Noticed Jessica
   720 | D:2      | Killed Jessica
   721 | D:2      | Reached skill level 4 in Unarmed Combat
   721 | D:2      | Reached skill level 1 in Invocations
   721 | D:2      | Reached XP level 4. HP: 26/32 MP: 0/0
   789 | D:2      | Noticed a fire crab
   800 | D:2      | Engulfed by a fire crab's flame

Illustrated notes

Levels and vault maps discovered:
D:1:      minmay_arrival_wavy_path, layout_loops_ring, serial_shops,
          shop_fountains, ebering_ecumenical_altar_sacrificial
D:2:      layout_rooms, eino_tiny_chamber, uniq_jessica, uniq_crazy_yiuf_cottage

Skill      XL: |  1  2  3 |
---------------+----------+-----
Spellcasting   | 2 |  2.1
Unarmed Combat | 4 |  4.0
Invocations    | 1 |  1.1
Fighting       | |  1.0
Dodging        | |  2.1

Action                     |  1- 3 |  4- 6 || total
---------------------------+-------+-------++-------
  Melee: Unarmed           |    30 |       ||    30
         Headbutt          |     2 |       ||     2
         Punch             |     2 |       ||     2
         Short sword       |    47 |       ||    47
   Cast: Beastly Appendage |     6 |       ||     6
 Invoke: Renounce Religion |     1 |       ||     1
 Armour: Robe              |     8 |     1 ||     9
  Dodge: Dodged            |    43 |     3 ||    46
  Block: Other             |     8 |       ||     8

Table legend: (Time is in decaauts)
 A = Elapsed time spent in this place.
 B = Non-inter-level travel time spent in this place.
 C = Inter-level travel time spent in this place.
 D = Time resting spent in this place.
 E = Time spent auto-exploring this place.
 F = Levels seen in this place.
 G = Mean time per level.
                   A        B        C        D        E       F      G
               +--------+--------+--------+--------+--------+-----+--------+
         Total |    796 |    759 |     37 |      0 |    562 |   2 |  398.0 |
       Dungeon |    796 |    759 |     37 |      0 |    562 |   2 |  398.0 |
               +--------+--------+--------+--------+--------+-----+--------+

Top non-repeatable levels by time:
     D:1: 682 daAuts
     D:2: 114 daAuts
